AoeStats
← Groove8733

Golden Pit

510272494Analyzed
1v1 RM · 2d ago on Sep 30, 2026· 33m 45s· 2 players
Game mode
Random Map
Map size
Tiny (2 player)
Population
200
Speed
Normal
Resources
Standard
Victory
Conquest
Starting age
Dark Age
Ending age
Imperial Age
RankedLock teamsTeams togetherTeam positionsShared explorationLock speedFull tech treeHidden civsTurbo modeCheats
Victory
Defeat
🇹🇷 Italians · Türkiye
662
+15
🇦🇺 Bohemians · Australia
649
-30
Groove8733
7:51 Loom
11:06 Feudal Age
11:56 Double-Bit Axe
15:45 Horse Collar
16:45 Wheelbarrow
22:24 Castle Age
21:00 Fletching
21:11 Padded Archer Armor
25:06 Light Cavalry
31:04 Crossbowman
SexeS
11:17 Feudal Age
11:18 Loom
12:03 Double-Bit Axe
11:59 Horse Collar
12:13 Gold Mining
20:30 Castle Age
19:01 Stone Mining
22:25 Bow Saw
24:05 Stone Shaft Mining
24:20 Padded Archer Armor
24:10 Fletching
24:02 Elite Skirmisher
30:47 Heavy Plow
31:57 Bodkin Arrow
Connection lost

Rejoining the realm…

Still unreachable

The connection could not be restored.

Session expired

The server has moved on; the page needs a fresh start.